 Dungeon Crawl Stone Soup version 0.20.1-1-g8b1a95d (webtiles) character file.

404 Lanoc the Skirmisher (level 6, -4/48 HPs)
             Began as a Mummy Chaos Knight on Dec 12, 2017.
             Slain by a sky beast (5 damage)
             ... on level 5 of the Dungeon.
             The game lasted 00:14:10 (3995 turns).

Lanoc the Skirmisher (Mummy Chaos Knight)           Turns: 3995, Time: 00:14:10

Health: -4/48      AC:  7    Str: 15    XL:     6   Next: 56%
Magic:  6/6        EV: 12    Int: 12    God:    Xom [..*...]
Gold:   228        SH:  2    Dex: 13    Spells: 5/5 levels left

rFire    x . .     SeeInvis .   a - +0 falchion (chaos)
rCold    + . .     Gourm    .   (no shield)
rNeg     + + +     Faith    .   b - +2 leather armour
rPois    ∞         Spirit   .   (no helmet)
rElec    .         Reflect  +   (no cloak)
rCorr    .         Harm     .   d - +0 pair of gloves
MR       .....                  l - +0 pair of boots (curse)
Stlth    +.........             f - +2 amulet of reflection
Regen    0.2/turn               (no ring)
MPRegen  0.1/turn               (no ring)

@: no status effects
A: no food or potions, fire vulnerability, cold resistance 1, negative energy
resistance 3, torment resistance, unbreathing
a: Renounce Religion


You were on level 5 of the Dungeon.
You worshipped Xom.
You were a toy of Xom.
You were not hungry.

You visited 1 branch of the dungeon, and saw 5 of its levels.

You collected 228 gold pieces.

Inventory:

Hand Weapons
 a - a +0 falchion of chaos (weapon)
Armour
 b - a +2 leather armour (worn)
 d - a +0 pair of gloves (worn)
 l - a cursed +0 pair of boots (worn)
Jewellery
 f - a +2 amulet of reflection (around neck)
Wands
 i - a wand of iceblast (8/15)
Scrolls
 c - 7 scrolls of remove curse {unknown}
 e - a scroll of recharging {unknown}
 g - a scroll of amnesia {unknown}
 h - 2 scrolls of teleportation {unknown}
 j - a scroll of fear {unknown}
 k - a scroll of immolation {unknown}
 m - a scroll of noise {unknown}
 n - a scroll of vulnerability {unknown}
 o - a scroll of random uselessness {unknown}
 p - a scroll of identify {unknown}


   Skills:
 + Level 4.2 Fighting
 * Level 4.2 Long Blades
 + Level 2.7 Armour
 + Level 2.7 Dodging


You had 5 spell levels left.
You didn't know any spells.

Dungeon Overview and Level Annotations

Branches:
Dungeon (5/15)
 Temple: D:4-7

Altars:
Hepliaklqana
Nemelex Xobeh
Qazlal


Innate Abilities, Weirdness & Mutations

You do not eat or drink.
Your flesh is vulnerable to fire.
You are immune to poison.
Your flesh is cold resistant. (rC+)
You are immune to negative energy. (rN+++)
You are immune to unholy pain and torment.
You can survive without breathing.


Message History

Something hits you. Something shocks you.
You closely miss something. Something barely misses you.
You closely miss something. Something barely misses you.
Something hits you but does no damage.
You miss something. Something hits you. Something shocks you.
* * * LOW HITPOINT WARNING * * *
Something hits you.
* * * LOW HITPOINT WARNING * * *
Something shocks you.
* * * LOW HITPOINT WARNING * * *
There is an open door here.
Something hits you but does no damage.
Okay, then.
You barely miss something. Something hits you but does no damage.
You barely miss something. Something hits you but does no damage.
You block something's attack.
You miss something. Something hits you.
* * * LOW HITPOINT WARNING * * *
Something shocks you.
You die...

#.####### #.......#
#######.# .. #######.#
###########.. #....[..#
#...#........ #.#######
#...#........ #.#
#...#........
#.############...#........
#.#.............@'........
#.#.##....####...#(.......
..#.##.##.# #...#........
..#....##.# #...#........
..#.#####.# #...######...
....##....############ ..
..#.......#..........# .
..#..###..#..........#
..#.......#..........#


There were no monsters in sight!

Vanquished Creatures
  A centaur skeleton (D:4)
  2 orc priests (D:4)
  An iguana (D:4)
  An orc wizard (D:4)
  3 worker ants (D:4)
  An adder (shapeshifter) (D:2)
  10 adders
  2 oozes
  An adder skeleton (D:5)
  A worm (D:2)
  4 dart slugs
  8 orcs (D:4)
  2 bats (D:2)
  5 giant cockroaches
  7 goblins
  5 hobgoblins
  2 jackals (D:2)
  3 quokkas
  A ball python (D:2)
  4 frilled lizards
  5 kobolds
  7 rats
76 creatures vanquished.

Vanquished Creatures (collateral kills)
  An orc (D:3)
  A bat (D:3)
  A kobold (D:2)
  A rat (D:2)
4 creatures vanquished.

Grand Total: 80 creatures vanquished

Notes
Turn   | Place    | Note
-------+----------+-------------------------------------------
     0 | D:1      | Lanoc the Mummy Chaos Knight began the quest for the Orb.
     0 | D:1      | Reached XP level 1. HP: 18/18 MP: 1/1
    26 | D:1      | Reached skill level 1 in Dodging
   203 | D:1      | XOM: potion effect (brilliance)
   207 | D:1      | Reached XP level 2. HP: 24/24 MP: 2/2
   231 | D:1      | XOM: harmless Summ miscast
   240 | D:1      | XOM: harmless Chrm miscast
   404 | D:1      | XOM is BORED!
   404 | D:1      | XOM: harmless Necr miscast
   443 | D:1      | XOM: divination: detect creatures
   766 | D:2      | Reached XP level 3. HP: 29/29 MP: 3/3
   873 | D:2      | XOM: confusion
   952 | D:2      | Reached XP level 4. HP: 20/35 MP: 4/4
  1230 | D:2      | XOM: harmless Ice miscast
  1384 | D:3      | XOM: smoke on damage
  1404 | D:3      | XOM: summons 2 hostile demons
  1845 | D:3      | Reached XP level 5. HP: 39/41 MP: 5/5
  2026 | D:3      | Found a hazy altar of Hepliaklqana.
  2198 | D:3      | XOM: summons 2 hostile demons
  2199 | D:3      | Noticed an ice devil
  2819 | D:4      | XOM: god gift: pair of embroidered boots {god gift}
  2905 | D:4      | XOM: cast spell 'Olgreb's Toxic Radiance'
  2915 | D:4      | Reached XP level 6. HP: 36/48 MP: 6/6
  3040 | D:4      | Found a stormy altar of Qazlal.
  3149 | D:4      | Found a sparkling altar of Nemelex Xobeh.
  3216 | D:4      | XOM: mild Air miscast
  3830 | D:5      | Entered Level 5 of the Dungeon
  3976 | D:5      | Noticed a sky beast
  3995 | D:5      | HP: 1/48 [something (3)]
  3995 | D:5      | Slain by a sky beast

Skill      XL: |  1  2  3  4  5 |
---------------+----------------+-----
Dodging        | 1 2 |  2.7
Long Blades    | 3 4 |  4.2
Armour         | 2 |  2.7
Fighting       | 4 |  4.2

Action                   |  1- 3 |  4- 6 || total
-------------------------+-------+-------++-------
Melee: Falchion          |   112 |   194 ||   306
 Stab: Petrified         |     7 |       ||     7
       Sleeping          |       |     1 ||     1
Armor: Leather armour    |    39 |    82 ||   121
Dodge: Dodged            |    64 |   113 ||   177
Block: Other             |     6 |    17 ||    23
       Rpst.: Falchion   |    26 |    24 ||    50
